 Dungeon Crawl Stone Soup version 0.19.4 (webtiles) character file.

83 Feta the Conjurer (level 4, 0/24 HPs)
             Began as a Tengu Conjurer on Feb 5, 2017.
             Slain by a jackal (1 damage)
             ... on level 2 of the Dungeon.
             The game lasted 00:04:54 (1455 turns).

Feta the Conjurer (Tengu Conjurer)                  Turns: 1455, Time: 00:04:55

Health: 0/24       AC:  2    Str:  8    XL:     4   Next: 44%
Magic:  7/8        EV: 13    Int: 16    God:
Gold:   56         SH:  0    Dex: 15    Spells: 2 memorised, 4 levels left

rFire  . . .     SeeInvis .     l - +0 war axe
rCold  . . .     Gourm    .     a - +0 robe
rNeg   . . .     Faith    .     (no shield)
rPois  .         Spirit   .     (helmet restricted)
rElec  .         Reflect  .     (no cloak)
rCorr  .         Harm     .     (no gloves)
MR     .....                    (boots unavailable)
Stlth  ++........               (no amulet)
                                (no ring)
                                (no ring)

@: no status effects
A: beak, talons 3
a: no special abilities


You were on level 2 of the Dungeon.
You were not hungry.

You visited 1 branch of the dungeon, and saw 2 of its levels.

You collected 56 gold pieces.

Inventory:

Hand Weapons
 f - a +0 dagger
 l - a +0 war axe (weapon)
 m - a +1 dagger of protection
Missiles
 d - 54 stones (quivered)
 h - 14 bolts
 j - 29 arrows
 k - 19 poisoned needles
Armour
 a - a +0 robe (worn)
Scrolls
 i - 3 scrolls of recharging {unknown}
 n - a scroll of remove curse {unknown}
 p - a scroll of identify {unknown}
 q - a scroll of fog {unknown}
 r - a scroll of noise {unknown}
Potions
 e - a potion of curing {unknown}
 o - a potion of cancellation {unknown}
Books
 b - a book of Conjurations

   Spells                             Type                      Level
   a - Magic Dart                     Conjuration                  1
   b - Searing Ray                    Conjuration                  2
   c - Dazzling Spray                 Conjuration/Hexes            3
   d - Fulminant Prism                Conjuration/Hexes            4
   e - Iskenderun's Mystic Blast      Conjuration                  4
   f - Iskenderun's Battlesphere      Conjuration/Charms           5
Comestibles
 c - a bread ration
 g - 3 chunks of flesh
 s - a meat ration


   Skills:
 - Level 2.1 Dodging
 - Level 2.0 Stealth
 + Level 2.3 Spellcasting
 + Level 7.4 Conjurations


You had 4 spell levels left.
You knew the following spells:

 Your Spells              Type           Power        Failure   Level  Hunger
a - Magic Dart            Conj           ####         1%          1    #......
b - Searing Ray           Conj           ####..       1%          2    ###....


Dungeon Overview and Level Annotations

Branches:
Dungeon (2/15)

Altars:
Dithmenos


Innate Abilities, Weirdness & Mutations

You have a beak for a mouth.
You have claws for feet.


Message History

Casting: Magic Dart
Confirm with . or Enter, or press ? or * to list all spells.
Aiming: Magic Dart
Press: ? - help, Shift-Dir - straight line, f - jackal
Aim: a jackal (lightly wounded)
The magic dart hits the jackal.
The jackal is almost dead.
The jackal closely misses you. The jackal closely misses you. x2
You barely miss the jackal. Your kick misses the jackal.
Your peck misses the jackal. You hit the jackal but do no damage.
The jackal bites you.
* * * LOW HITPOINT WARNING * * *
The jackal misses you. The jackal closely misses you. x2
You barely miss the jackal. Your kick misses the jackal.
You closely miss the jackal. The jackal bites you.
* * * LOW HITPOINT WARNING * * *
The jackal barely misses you. The jackal closely misses you.
The jackal bites you.
You die...

#..#.##........##......##
......####....#.........#
######## ....#.........###
...##...........# ##≈≈≈≈≈≈###
#..............# ......≈≈...
#..............# .......≈≈..
#............### ...≈≈....≈.
#.........#.#### ..≈..≈≈..≈..
#..@...........#
..≈....≈≈...####hh..........#
...≈≈⌠.......###............#
....⌠≈≈.....................#
.≈≈....≈....#.......#.......#
≈..≈≈..≈...
#.........##.#####
≈....≈≈....
##...............#
.≈≈........ #...............#
..≈≈....... #...............#


You could see 2 jackals.

Vanquished Creatures
  3 gnolls (D:2)
  An adder (D:2)
  A worm (D:2)
  A dart slug (D:1)
  2 leopard geckos (D:1)
  A ball python (D:2)
  A giant cockroach (D:2)
  2 goblins
  5 hobgoblins
  5 jackals
  6 bats
  5 kobolds
  5 rats
38 creatures vanquished.

Notes
Turn   | Place    | Note
-------+----------+-------------------------------------------
     0 | D:1      | Feta the Tengu Conjurer began the quest for the Orb.
     0 | D:1      | Reached XP level 1. HP: 10/10 MP: 4/4
   246 | D:1      | Reached XP level 2. HP: 12/15 MP: 6/6
   402 | D:1      | Reached skill level 6 in Conjurations
   782 | D:2      | Reached XP level 3. HP: 19/19 MP: 7/7
  1166 | D:2      | Learned a level 2 spell: Searing Ray
  1211 | D:2      | Found a shadowy altar of Dithmenos.
  1272 | D:2      | Reached skill level 7 in Conjurations
  1272 | D:2      | Reached XP level 4. HP: 24/24 MP: 1/8
  1455 | D:2      | HP: 1/24 [jackal (3)]
  1455 | D:2      | Slain by a jackal

Skill      XL: |  1  2  3 |
---------------+----------+-----
Conjurations   | 6 7 |  7.4
Dodging        | |  2.1
Stealth        | |  2.0
Spellcasting   | |  2.3

Action                   |  1- 3 |  4- 6 || total
-------------------------+-------+-------++-------
Melee: Unarmed           |    20 |       ||    20
       Kick              |     9 |     1 ||    10
       Dagger            |    28 |       ||    28
       Peck              |     8 |     1 ||     9
       War axe           |    16 |     8 ||    24
 Cast: Magic Dart        |    42 |    10 ||    52
 Stab: Sleeping          |     3 |       ||     3
  Eat: Chunk             |     2 |     1 ||     3
Armor: Robe              |    16 |       ||    16
Dodge: Dodged            |    75 |    34 ||   109
